 Dungeon Sprint DCSS version 0.27-a0-773-gaaee5cf45b (webtiles) character file.

Game seed: 11380788177638604272

20557 mhtbhm the Executioner (level 12, -12/187 HPs)
             Began as a Minotaur Fighter on Mar 25, 2021.
             Was the Champion of Trog.
             Succumbed to a nagaraja's bolt of poison
             ... in the Dungeon (Sprint VII: "The Pits").
             The game lasted 00:06:46 (3049 turns).

mhtbhm the Executioner (Minotaur Fighter)           Turns: 3049, Time: 00:06:47

Health: -12/187    AC: 21    Str: 25    XL:     12   Next: 46%
Magic:  11/11      EV: 17    Int:  5    God:    Trog [******]
Gold:   52         SH: 15    Dex: 11    Spells: 11/11 levels left

rFire    . . .     SeeInvis .   a - +5 broad axe (vorpal)
rCold    . . .     Faith    .   c - +0 kite shield
rNeg     . . .     Spirit   .   b - +4 chain mail
rPois    .         Reflect  .   (helmet restricted)
rElec    .         Harm     .   r - +0 cloak
rCorr    .         Rampage  .   (no gloves)
Will     .....     NoTele   +   q - +0 pair of boots
Stlth    ..........             (no amulet)
HPRegen  0.41/turn              n - +3 ring of evasion
MPRegen  0.12/turn              o - +3 ring of evasion

@: berserking, lethally poisoned (-12 -> -37), very quick
A: horns 2, retaliatory headbutt
a: Renounce Religion, Berserk, Trog's Hand, Brothers in Arms


You were in the Dungeon.
You worshipped Trog.
Trog was exalted by your worship.
You visited 1 branch You collected 52 gold pieces.

Inventory:

Hand Weapons
 a - a +5 vorpal broad axe (weapon)
Missiles
 s - a throwing net (quivered)
Armour
 b - a +4 chain mail (worn)
 c - a +0 kite shield (worn)
 q - a +0 pair of boots (worn)
 r - a +0 cloak (worn)
Jewellery
 n - a +3 ring of evasion (right hand)
 o - a +3 ring of evasion (left hand)
 y - a ring of ice
 z - a ring of poison resistance
Wands
 m - a wand of polymorph (9)
 A - a wand of digging (2)
Scrolls
 j - a scroll of blinking
 l - a scroll of summoning
 t - 9 scrolls of enchant weapon
 u - 6 scrolls of enchant armour
 v - a scroll of fog
 x - a scroll of holy word
Potions
 d - 3 potions of might
 e - 9 potions of curing
 f - 13 potions of heal wounds
 g - 3 potions of haste
 h - 4 potions of magic
 i - 4 potions of berserk rage
 k - 2 potions of invisibility
 p - 3 potions of mutation
 w - a potion of resistance
Miscellaneous
 B - a phantom mirror
 C - a condenser vane


   Skills:
 + Level 17.2 Fighting
 + Level 21.4 Axes
 + Level 15.4 Armour
 + Level 8.1 Dodging
 + Level 0.2 Stealth
 + Level 17.8 Shields
 - Level 1.0 Unarmed Combat


You had 11 spell levels left.
You didn't know any spells.
Your spell library was empty.

Dungeon Overview and Level Annotations

Branches:
Dungeon (1/1)

Altars:
Ashenzari
Cheibriados
Dithmenos
Elyvilon
Fedhas
Gozag
Hepliaklqana
Kikubaaqudgha
Makhleb
Nemelex Xobeh
Okawaru
Qazlal
Ru
Sif Muna
Trog
Uskayaw
Vehumet
Wu Jian
Xom
Yredelemnul
Zin
The Shining One
Beogh
Jiyva
Lugonu


Innate Abilities, Weirdness & Mutations

You have a pair of horns on your head.
You reflexively headbutt those who attack you in melee.


Message History

You slice the fire giant!!
You kill the fire giant!
Trog accepts your kill.
Trog appreciates your killing of a magic user.
The nagaraja gestures at you while chanting.
The poison arrow hits you.
You are poisoned.
Your Fighting skill increases to level 17!
Your Dodging skill increases to level 8!
You slice the green death!!
The green death is heavily wounded.
You feel extremely sick.
Unknown command.
You slash the green death! Your headbutt misses the green death.
The green death is severely wounded.
The nagaraja gestures wildly while chanting.
The nagaraja seems to speed up.
You block the green death's attack.
You slice the green death!!
You kill the green death!
Trog accepts your kill.
You feel sick.
You feel sick. The nagaraja spits poison at you. The splash of poison hits you!
You are more poisoned.
* * * LOW HITPOINT WARNING * * *
The apis gores you but does no damage.
There is an open door, spattered with blood here.
Things that are here:
a +2 great sword of flaming; a fire giant corpse You closely miss the nagaraja.
You slash the apis!
You feel extremely sick. The nagaraja casts a spell at you.
The bolt of poison hits you!!
You are more poisoned.
* * * LOW HITPOINT WARNING * * *
You hit the nagaraja. You headbutt the nagaraja.
The nagaraja is lightly wounded.
You hit the apis.
You die...

........''..........#
........''..........#
######..##..#....#..#
#..##..........+ #..##..........+
#..####''####++#
#..####''####++#########
#..##......##......[....
##########..##.#@##.##...........
............##.#NY+.##..#########
............## +YD# ##..#
#''########## #M9+ #..#
#''########## +..# #..#
........##..# ##+# #..#
.#......##..# #..# ........''..#
#).# ........''..##########).#


You could see an apis, a storm dragon, a nagaraja (fast, catching breath), a
catoblepas, a guardian mummy and a molten gargoyle.

Vanquished Creatures
  A fire giant (D)
  A ghost moth (D)
  A vampire knight (D)
  A yaktaur captain (D)
  A green death (D)
  A hydra (D)
  A vampire mage (D)
  A death yak (D)
  2 sea snakes (D)
  A spriggan druid (D)
  A lindwurm (D)
  A deep elf pyromancer (D)
  2 manticores (D)
  2 wolf spiders (D)
  A guardian serpent (shapeshifter) (D)
  A guardian serpent (D)
  A cane toad (D)
  An orange demon (D)
  An efreet (D)
  An ice devil (D)
  A freezing wraith (D)
  3 kobold demonologists (D)
  A merfolk (D)
  3 guardian mummies (D)
  A jumping spider (D)
  4 polar bears (D)
  A hornet (D)
  A troll (D)
  4 dream sheep (D)
  3 blink frogs (D)
  10 redbacks (D)
  A wraith (D)
  A water elemental (D)
  A shadow (D)
  A tarantella (D)
  A fire bat (D)
  2 steam dragons (D)
  A warg (D)
  A water moccasin (D)
  Duvessa (D)
  A floating eye (D)
  A centaur (D)
  A wolf (D)
  A kobold brigand (D)
  A gnoll sergeant (D)
  Dowan (D)
  3 wights (D)
  A crimson imp (D)
  An orc priest (D)
  A hound (D)
  Crazy Yiuf (D)
  Ijyb (D)
  Terence (D)
  An orc wizard (D)
  A hell rat (D)
  A gnoll (D)
  2 river rats (D)
  A white imp (D)
  An ufetubus (D)
  4 orcs (D)
  A ball python (D)
  A bat skeleton (D)
  A goblin (D)
  10 jackals (D)
  3 kobolds (D)
  A quokka (D)
  3 bats (D)
  A frilled lizard (D)
  2 jackal zombies (D)
114 creatures vanquished.

Notes
Turn   | Place    | Note
-------+----------+-------------------------------------------
     0 | D        | mhtbhm the Minotaur Fighter began the quest for the Orb.
     0 | D        | Reached XP level 1. HP: 19/19 MP: 0/0
    14 | D        | Reached XP level 2. HP: 28/28 MP: 1/1
    18 | D        | Found a bloodstained altar of Trog.
    18 | D        | Found a shimmering blue altar of Sif Muna.
    18 | D        | Found a viscous altar of Jiyva.
    18 | D        | Found a hazy altar of Hepliaklqana.
    18 | D        | Found an opulent altar of Gozag.
    19 | D        | Found a glowing golden altar of the Shining One.
    19 | D        | Found a glowing silver altar of Zin.
    19 | D        | Found a basalt altar of Yredelemnul.
    19 | D        | Found a shimmering altar of Xom.
    19 | D        | Found an ornate altar of the Wu Jian Council.
    19 | D        | Found a sacrificial altar of Ru.
    19 | D        | Found a stormy altar of Qazlal.
    19 | D        | Found an iron altar of Okawaru.
    19 | D        | Found a sparkling altar of Nemelex Xobeh.
    19 | D        | Found a burning altar of Makhleb.
    19 | D        | Found a blossoming altar of Fedhas.
    19 | D        | Found a white marble altar of Elyvilon.
    19 | D        | Found a shadowy altar of Dithmenos.
    19 | D        | Found a snail-covered altar of Cheibriados.
    21 | D        | Found a radiant altar of Vehumet.
    21 | D        | Found a corrupted altar of Lugonu.
    23 | D        | Became a worshipper of Trog the Wrathful
    67 | D        | Reached skill level 5 in Fighting
    67 | D        | Reached skill level 3 in Axes
    67 | D        | Reached skill level 5 in Armour
    67 | D        | Reached skill level 5 in Shields
   166 | D        | Reached * piety under Trog
   181 | D        | Reached ** piety under Trog
   182 | D        | Reached XP level 3. HP: 27/36 MP: 2/2
   260 | D        | Reached *** piety under Trog
   372 | D        | Noticed Terence
   375 | D        | Reached **** piety under Trog
   380 | D        | Reached skill level 4 in Axes
   380 | D        | Reached XP level 4. HP: 45/45 MP: 3/3
   386 | D        | Reached ***** piety under Trog
   389 | D        | Reached skill level 5 in Axes
   389 | D        | Reached skill level 1 in Dodging
   389 | D        | Reached XP level 5. HP: 52/52 MP: 4/4
   392 | D        | Received a gift from Trog
   397 | D        | Reached skill level 6 in Axes
   405 | D        | Killed Terence
   406 | D        | Reached skill level 7 in Axes
   406 | D        | Reached XP level 6. HP: 33/62 MP: 5/5
   506 | D        | Noticed Ijyb
   514 | D        | Killed Ijyb
   573 | D        | Reached skill level 8 in Axes
   574 | D        | Noticed a warg
   574 | D        | Noticed a fire bat
   577 | D        | Killed a fire bat
   577 | D        | Received a gift from Trog
   578 | D        | Reached skill level 9 in Axes
   586 | D        | Killed a warg
   587 | D        | Reached skill level 10 in Armour
   587 | D        | Reached skill level 10 in Shields
   587 | D        | Reached skill level 1 in Unarmed Combat
   587 | D        | Reached XP level 7. HP: 55/70 MP: 6/6
   596 | D        | Noticed a guardian mummy
   597 | D        | Reached ****** piety under Trog
   606 | D        | Killed a guardian mummy
   607 | D        | Reached skill level 10 in Axes
   842 | D        | Found a hide-covered altar of Uskayaw.
   842 | D        | Found an ancient bone altar of Kikubaaqudgha.
   842 | D        | Found a broken altar of Ashenzari.
   869 | D        | Noticed a manticore
   870 | D        | Noticed a death yak
   879 | D        | Killed a manticore
   880 | D        | Reached skill level 10 in Fighting
   880 | D        | Reached skill level 11 in Axes
   880 | D        | Reached XP level 8. HP: 79/79 MP: 7/7
   880 | D        | Killed a death yak
   881 | D        | Reached skill level 13 in Axes
   984 | D        | Noticed a kobold demonologist
   984 | D        | Noticed a yaktaur captain
   984 | D        | Noticed a hornet
   989 | D        | Killed a hornet
   989 | D        | Received a gift from Trog
   990 | D        | Reached XP level 9. HP: 86/86 MP: 8/8
   991 | D        | Killed a yaktaur captain
   992 | D        | Reached skill level 15 in Axes
   992 | D        | Noticed a rust devil
   998 | D        | Killed a kobold demonologist
  1048 | D        | Noticed a vampire mage
  1062 | D        | Killed a vampire mage
  1063 | D        | Reached skill level 16 in Axes
  1173 | D        | Noticed a vampire knight
  1174 | D        | Noticed a sea snake
  1183 | D        | Killed a sea snake
  1184 | D        | Reached XP level 10. HP: 86/97 MP: 9/9
  1199 | D        | Killed a vampire knight
  1200 | D        | Reached skill level 17 in Axes
  1429 | D        | Noticed a guardian serpent
  1436 | D        | Killed a guardian serpent
  1436 | D        | Received a gift from Trog
  1710 | D        | Reached skill level 18 in Axes
  1714 | D        | Reached skill level 5 in Dodging
  1741 | D        | Noticed an orange demon
  1741 | D        | Noticed a wolf spider
  1745 | D        | Killed an orange demon
  1749 | D        | Killed a wolf spider
  1753 | D        | Reached XP level 11. HP: 73/107 MP: 10/10
  1879 | D        | Noticed Duvessa
  1879 | D        | Noticed Dowan
  1885 | D        | Killed Dowan
  1885 | D        | Received a gift from Trog
  1886 | D        | Killed Duvessa
  1938 | D        | Reached skill level 19 in Axes
  1979 | D        | Received a gift from Trog
  1980 | D        | Reached skill level 15 in Shields
  2022 | D        | Noticed a spriggan druid
  2022 | D        | Noticed a sea snake
  2023 | D        | Noticed Crazy Yiuf
  2027 | D        | Killed a sea snake
  2030 | D        | Killed Crazy Yiuf
  2030 | D        | Killed a spriggan druid
  2030 | D        | Received a gift from Trog
  2046 | D        | Killed a ghost moth
  2047 | D        | Reached skill level 15 in Fighting
  2323 | D        | Noticed a lindwurm
  2324 | D        | Noticed a deep elf pyromancer
  2330 | D        | Killed a lindwurm
  2332 | D        | Killed a deep elf pyromancer
  2332 | D        | Received a gift from Trog
  2333 | D        | Reached skill level 20 in Axes
  2371 | D        | Identified the +3 hand axe of Qegen {vorpal, rC+ Dex+2}
                  | (Trog gifted it to you in the Dungeon)
  2371 | D        | Received a gift from Trog
  2417 | D        | Reached XP level 12. HP: 84/122 MP: 11/11
  2546 | D        | Received a gift from Trog
  2547 | D        | Reached skill level 15 in Armour
  2569 | D        | Noticed a seven-headed hydra
  2575 | D        | Killed an 11-headed hydra
  2575 | D        | Received a gift from Trog
  2687 | D        | Reached skill level 21 in Axes
  2704 | D        | Received a gift from Trog
  3039 | D        | Noticed a nagaraja
  3039 | D        | Noticed a fire giant
  3039 | D        | Noticed a green death
  3039 | D        | Noticed an apis
  3039 | D        | Noticed a storm dragon
  3039 | D        | Noticed a catoblepas
  3043 | D        | Killed a fire giant
  3046 | D        | Killed a green death
  3049 | D        | Succumbed to a nagaraja's bolt of poison

Illustrated notes

Levels and vault maps discovered:
D:        pitsprint [storerooms_1, entrance_room_1, metal_vault_8, armoury_3,
          mini_pit_1, grid_room_1, main_hall_1, silver_pit, the_coven_1,
          the_vestibule_1, steel_vault_4, golden_pit, hallway_of_sentries,
          crystal_vault_4, iron_vault_1, final_vault]

Skill      XL: |  1  2  3  4  5  6  7  8  9 10 11 12 |
---------------+-------------------------------------+-----
Fighting       | 4 5 6 7 8 9 10 12 13 16 17 | 17.2
Armour         | 4 5 6 7 8 10 11 12 13 14 15 | 15.4
Shields        | 4 5 6 7 8 10 11 12 13 14 16 17 | 17.8
Axes           | 3 4 5 7 9 11 13 16 18 20 21 | 21.4
Dodging        | 1 2 3 4 5 7 8 |  8.1
Unarmed Combat | 1 |  1.0
Stealth        | |  0.2

Action                   |  1- 3 |  4- 6 |  7- 9 | 10-12 || total
-------------------------+-------+-------+-------+-------++-------
Melee: Headbutt          |     4 |    13 |    13 |    37 ||    67
       War axe           |     1 |       |       |       ||     1
       Hand axe          |    35 |    41 |    10 |       ||    86
       Unarmed           |       |     4 |       |       ||     4
       Broad axe         |       |       |    36 |   179 ||   215
Invok: Berserk           |     1 |     1 |     3 |     7 ||    12
Armor: Scale mail        |    18 |       |       |       ||    18
       Chain mail        |     3 |     7 |    20 |    60 ||    90
       Skin              |       |     1 |       |       ||     1
Dodge: Dodged            |    14 |    10 |    16 |    81 ||   121
Block: Kite shield       |    21 |    16 |    20 |   102 ||   159

Table legend: (Time is in decaauts)
 A = Elapsed time spent in this place.
 B = Non-inter-level travel time spent in this place.
 C = Inter-level travel time spent in this place.
 D = Time resting spent in this place.
 E = Time spent auto-exploring this place.
 F = Levels seen in this place.
 G = Mean time per level.
                   A        B        C        D        E       F      G
               +--------+--------+--------+--------+--------+-----+--------+
         Total |   3105 |   3105 |      0 |   2022 |     58 |   1 | 3105.0 |
       Dungeon |   3105 |   3105 |      0 |   2022 |     58 |   1 | 3105.0 |
               +--------+--------+--------+--------+--------+-----+--------+

Top non-repeatable levels by time:
       D: 3105 daAuts
